 Dungeon Crawl Stone Soup version 0.20.1-1-g8b1a95d (webtiles) character file.

141 manon the Cudgeler (level 5, -1/33 HPs)
             Began as a Gargoyle Chaos Knight on Oct 31, 2017.
             Slain by an orc warrior
             ... wielding a cursed -1 scimitar
              (12 damage)
             ... on level 3 of the Dungeon.
             The game lasted 00:05:50 (1905 turns).

manon the Cudgeler (Gargoyle Chaos Knight)          Turns: 1905, Time: 00:05:50

Health: -1/33      AC: 12    Str: 16    XL:     5   Next: 24%
Magic:  5/5        EV: 10    Int: 13    God:    Xom [.*....]
Gold:   119        SH:  0    Dex:  9    Spells: 4/4 levels left

rFire    . . .     SeeInvis .   a - +0 mace (chaos)
rCold    . . .     Gourm    .   (no shield)
rNeg     + . .     Faith    .   e - +0 ring mail
rPois    ∞         Spirit   .   p - +0 helmet
rElec    +         Reflect  .   (no cloak)
rCorr    .         Harm     .   (no gloves)
MR       .....                  u - +1 pair of boots
Stlth    ..........             (no amulet)
Regen    0.2/turn               (no ring)
MPRegen  0.1/turn               (no ring)

@: no status effects
A: negative energy resistance 1, electricity resistance, unbreathing,
petrification resistance, rot immunity, AC +4
a: Renounce Religion


You were on level 3 of the Dungeon.
You worshipped Xom.
You were a plaything of Xom.
You were not hungry.

You visited 1 branch of the dungeon, and saw 3 of its levels.

You collected 119 gold pieces.

Inventory:

Hand Weapons
 a - a +0 mace of chaos (weapon)
Missiles
 k - 88 sling bullets
 m - 29 bolts
 o - 31 arrows
Armour
 b - a +2 leather armour
 e - a +0 ring mail (worn)
 p - a +0 helmet (worn)
 u - a +1 pair of boots (worn)
Jewellery
 x - an uncursed amulet of regeneration {unknown}
Scrolls
 d - 2 scrolls of recharging
 i - 2 scrolls of teleportation
 j - a scroll of enchant weapon {unknown}
 r - a scroll of blinking {unknown}
Potions
 f - a potion of agility {unknown}
 g - a potion of berserk rage {unknown}
 l - a potion of curing
 q - a potion of mutation {unknown}
 t - a potion of heal wounds
 v - a potion of ambrosia {unknown}
 w - a potion of lignification {unknown}
Comestibles
 c - 4 bread rations
 n - 3 meat rations
 s - a royal jelly


   Skills:
 + Level 4.2 Fighting
 * Level 5.1 Maces & Flails
 - Level 2.1 Armour
 - Level 0.7 Dodging


You had 4 spell levels left.
You didn't know any spells.

Dungeon Overview and Level Annotations

Branches:
Dungeon (3/15)

Altars:
Ashenzari


Innate Abilities, Weirdness & Mutations

You are resistant to torment.
Your stone body is resilient. (AC +4)
You are immune to poison.
You resist negative energy. (rN+)
You are resistant to electric shocks. (rElec)
You can survive without breathing.
You are immune to petrification.
You are immune to rotting.


Message History

You closely miss the orc warrior.
The orc warrior is severely wounded.
The orc warrior hits you with a scimitar.
* * * LOW HITPOINT WARNING * * *
The orc priest looks encouraged for a moment.
You feel much better.
Xom opens a gate.
The orc warrior hits you with a scimitar!
The orc wizard mumbles some strange words.
The orc wizard flickers and vanishes!
Deactivating autopickup; reactivate with Ctrl-A.
You swap places.
The orc warrior hits your white imp with a scimitar!!
Your white imp dies!
The orc priest looks braver for a moment.
You hit the orc warrior.
The orc warrior seems to speed up.
The orc warrior is severely wounded.
The orc warrior hits you with a scimitar! x2
You die...
Xom giggles madly!

#### ..# #########
#.# #..oo.o.# #
###.## #.##......
#.
#....####o##.##o##
#.##.#..@o{oo...#
#.......####.####
.## #.......# #.#
#.....# #.##.##.#
#.. .....## #
#....# ####### .
... ####.# #.....#
#.#.# #.#####.#
#.....## #.#.##
#.......# #......#
#..... #######.#
#......#.###...


You could see an orc warrior, an orc priest and 2 orcs.

Vanquished Creatures
  A scorpion (D:3)
  3 adders
  4 worms
  A dart slug (D:1)
  A leopard gecko (D:2)
  An orc (D:3)
  3 ball pythons
  3 giant cockroaches
  4 goblins (D:1)
  6 hobgoblins
  6 kobolds
  7 bats
  8 frilled lizards
  7 rats
55 creatures vanquished.

Notes
Turn   | Place    | Note
-------+----------+-------------------------------------------
     0 | D:1      | manon the Gargoyle Chaos Knight began the quest for the Orb.
     0 | D:1      | Reached XP level 1. HP: 14/14 MP: 1/1
   128 | D:1      | XOM: harmless Chrm miscast
   141 | D:1      | Reached XP level 2. HP: 19/19 MP: 2/2
   165 | D:1      | XOM: harmless Tmut miscast
   471 | D:1      | Reached XP level 3. HP: 21/23 MP: 3/3
   826 | D:2      | Reached skill level 4 in Maces & Flails
  1050 | D:2      | XOM: silly message
  1252 | D:2      | Reached XP level 4. HP: 22/29 MP: 4/4
  1497 | D:2      | XOM: harmless Tloc miscast
  1607 | D:3      | Found a shattered altar of Ashenzari.
  1713 | D:3      | XOM: harmless Pois miscast
  1819 | D:3      | Reached skill level 5 in Maces & Flails
  1819 | D:3      | Reached XP level 5. HP: 29/33 MP: 5/5
  1888 | D:3      | Noticed an orc warrior
  1902 | D:3      | XOM: summons friendly white imp
  1905 | D:3      | Slain by an orc warrior

Skill      XL: |  1  2  3  4 |
---------------+-------------+-----
Maces & Flails | 4 5 |  5.1
Fighting       | 4 |  4.2
Armour         | |  2.1
Dodging        | |  0.7

Action                   |  1- 3 |  4- 6 || total
-------------------------+-------+-------++-------
Melee: Mace              |    93 |    78 ||   171
  Use: Scroll            |       |     4 ||     4
       Potion            |       |     1 ||     1
 Stab: Paralysed         |     1 |       ||     1
  Eat: Chunk             |     1 |     2 ||     3
Armor: Ring mail         |    50 |    45 ||    95
       Leather armour    |     4 |       ||     4
Dodge: Dodged            |    51 |    36 ||    87
